 Dungeon Crawl Stone Soup version 0.30-a0-632-g346586fe48 (webtiles) character file.

Game seed: 3205294556767658600

3638 bmack86 the Cleaver (level 9, 0/79 HPs)
             Began as a Minotaur Fighter on Jan 14, 2023.
             Was a Priest of Okawaru.
             Slain by an unseen horror (6 damage)
             ... on level 7 of the Dungeon.
             The game lasted 00:16:14 (6492 turns).

bmack86 the Cleaver (Minotaur Fighter)              Turns: 6492, Time: 00:16:15

Health: 0/79       AC: 20    Str: 24    XL:     9   Next: 87%
Magic:  11/11      EV:  6    Int:  5    God:    Okawaru [***...]
Gold:   255        SH:  5    Dex: 11    Spells: 8/8 levels left

rFire   . . .      SeeInvis .    m - +2 war axe (flame)
rCold   . . .      Faith    .    c - +0 buckler
rNeg    . . .      Spirit   .    w - +0 plate armour
rPois   .          Reflect  .    (helmet restricted)
rElec   .          Harm     .    y - +2 cloak
rCorr   .          Rampage  .    (no gloves)
Will    .....                    r - +2 pair of boots Stlth
                                 (no amulet)
HPRegen 0.33/turn                D - ring of wizardry
MPRegen 0.12/turn                (no ring)

@: no status effects
A: horns 2, retaliatory headbutt
a: Renounce Religion, Heroism


You were on level 7 of the Dungeon.
You worshipped Okawaru.
Okawaru was most pleased with you.
You visited 2 branches of the dungeon, and saw 8 of its levels.
You also visited: Sewer.

You collected 255 gold pieces.

Inventory:

Hand Weapons
 a - a +0 war axe
 m - a +2 war axe of flaming (weapon)
Missiles
 l - 19 poisoned darts
 p - 5 boomerangs (quivered)
Armour
 c - a +0 buckler (worn)
 g - a +0 chain mail
 r - a +2 pair of boots (worn)
 v - a +1 scale mail of willpower
 w - a +0 plate armour (worn)
 y - a +2 cloak (worn)
Jewellery
 D - a ring of wizardry (left hand)
Wands
 f - a wand of mindburst (16)
 o - a wand of flame (30)
 q - a wand of paralysis (17)
 u - a wand of polymorph (8)
 A - a wand of roots (11)
Scrolls
 t - 5 scrolls of teleportation
 z - a scroll of amnesia
 E - a scroll of magic mapping
Potions
 b - 3 potions of resistance
 d - a potion of mutation
 e - 3 potions of attraction
 h - 4 potions of curing
 i - a potion of flight {unknown}
 j - a potion of heal wounds {unknown}
 k - 2 potions of lignification
 n - a potion of invisibility {unknown}
 s - a potion of haste {unknown}
 x - 2 potions of cancellation
 B - a potion of berserk rage {unknown}
 C - a potion of magic {unknown}


   Skills:
 + Level 7.5 Fighting
 * Level 9.8 Axes
 + Level 4.0 Throwing
 + Level 7.5 Armour
 + Level 7.7 Shields
 + Level 4.1 Invocations
 - Level 2.2 Evocations


You had 8 spell levels left.
You didn't know any spells.
Your spell library contained the following spells:

 Spells                   Type           Power      Damage    Failure   Level
 Apportation              Tloc           0%         N/A       96%         1
 Necrotise                Necr           0%         1d4       96%         1
 Ignite Poison            Fire/Tmut/Pois 0%         N/A       100%        3
 Inner Flame              Hex/Fire       0%         N/A       100%        3
 Kindle Blastsparks       Fire/Tloc/Air  0%         2d10      100%        3
 Cause Fear               Hex            0%         N/A       100%        4
 Freezing Cloud           Conj/Ice/Air   0%         6-21      100%        5
 Discord                  Hex            0%         N/A       100%        8
 Summon Small Mammal      Summ           Unusable   N/A       N/A         1

Dungeon Overview and Level Annotations

Branches:
Dungeon (7/15)             Temple (1/1) D:4           Sewer (visited)

Altars:
Ashenzari
Cheibriados
Dithmenos
Elyvilon
Fedhas
Gozag
Makhleb
Nemelex Xobeh
Okawaru
Qazlal
Ru
Sif Muna
Trog
Uskayaw
Vehumet
Wu Jian
Xom
The Shining One

Shops:
D:6 *(


Innate Abilities, Weirdness & Mutations

You have a pair of horns on your head.
You reflexively headbutt those who attack you in melee.


Message History

Something hits you!
You miss something. Something hits you but does no damage.
Something hits you but does no damage. x2
Something hits you. Something hits you but does no damage.
You closely miss something. Something hits you.
Something hits you but does no damage.
You miss something. Your headbutt misses something. Something hits you!
Something hits you but does no damage. You block something's attack.
Something hits you but does no damage. Something hits you!
Something hits you but does no damage. x2
Something hits you but does no damage. Something hits you but does no damage.
You block something's attack. Something hits you.
You hit something. You burn something. Your headbutt misses something.
Something hits you but does no damage. Something hits you!
You completely miss something. Something hits you.
* * * LOW HITPOINT WARNING * * *
Something hits you.
* * * LOW HITPOINT WARNING * * *
Something hits you.
* * * LOW HITPOINT WARNING * * *
Something hits you!
* * * LOW HITPOINT WARNING * * *
Something hits you but does no damage.
Okay, then.
You hit something but do no damage. Your headbutt misses something.
Something hits you but does no damage. Something hits you.
* * * LOW HITPOINT WARNING * * *
Something hits you.
* * * LOW HITPOINT WARNING * * *
Something hits you but does no damage. Something hits you but does no damage.
Something hits you.
* * * LOW HITPOINT WARNING * * *
Something hits you but does no damage. x2
Something hits you but does no damage. You block something's attack.
Something hits you.
You die...

#########
#.......#
#.......#
#.......#
#.......#
#.####.......#
#.........@..#
#..###.......#####
#. ##..........#
#.........##.#
#.#.....#.##.#.#
......#.##......#
###.####.##†##.###
#. #.##)##.# #####
. ##.......# #....


There were no monsters in sight!

Vanquished Creatures
  A kobold demonologist (D:5)
  A hornet (D:7)
  Edmund (D:4)
  Menkaure (D:6)
  Duvessa (D:4)
  Pargi (Sewer)
  An orc warrior (D:7)
  2 sky beasts
  A black bear (D:6)
  An ogre (D:4)
  2 ice beasts
  2 centaurs
  A phantom (D:4)
  Blork the orc (D:6)
  2 bullfrogs
  2 kobold brigands (D:5)
  2 necrophages
  7 scorpions
  5 wights (D:6)
  Dowan (D:4)
  2 hounds (D:5)
  A gnoll bouda (D:4)
  4 orc priests
  A jelly (D:5)
  3 iguanas
  6 orc wizards
  10 gnolls
  7 adders
  A shadow imp (D:5)
  2 white imps (D:7)
  An ufetubus (D:6)
  2 worms
  3 dart slugs
  20 orcs
  7 bats
  5 endoplasms
  9 giant cockroaches
  4 goblins (D:1)
  A hobgoblin (D:1)
  3 jackals (D:1)
  7 kobolds
  7 ball pythons
  7 frilled lizards
  7 rats
156 creatures vanquished.

Notes
Turn   | Place    | Note
-------+----------+-------------------------------------------
     0 | D:1      | bmack86 the Minotaur Fighter began the quest for the Orb.
     0 | D:1      | Reached XP level 1. HP: 19/19 MP: 0/0
   161 | D:1      | Reached XP level 2. HP: 27/27 MP: 1/1
   192 | D:1      | Reached skill level 3 in Axes
   341 | D:1      | Reached XP level 3. HP: 30/33 MP: 2/2
   585 | D:1      | Found a faded altar of an unknown god.
   951 | D:2      | Reached XP level 4. HP: 38/40 MP: 3/3
   996 | D:2      | Reached skill level 4 in Axes
  1835 | D:3      | Reached XP level 5. HP: 40/45 MP: 4/4
  2243 | D:4      | Noticed a phantom
  2259 | D:4      | Killed a phantom
  2260 | D:4      | Reached skill level 1 in Evocations
  2284 | D:4      | Noticed Duvessa
  2286 | D:4      | Noticed Dowan
  2291 | D:4      | Killed Duvessa
  2292 | D:4      | Reached skill level 5 in Axes
  2292 | D:4      | Reached XP level 6. HP: 41/53 MP: 5/5
  2295 | D:4      | Reached skill level 5 in Shields
  2302 | D:4      | HP: 1/55 [Dowan/stone arrow (11)]
  2303 | D:4      | Killed Dowan
  2495 | D:4      | Found a staircase to the Ecumenical Temple.
  2501 | Temple   | Entered the Ecumenical Temple
  2507 | Temple   | Became a worshipper of Warmaster Okawaru
  2709 | D:4      | Reached skill level 5 in Fighting
  2709 | D:4      | Reached skill level 5 in Armour
  2972 | D:4      | Found a glowing golden altar of the Shining One.
  3023 | D:4      | Reached skill level 6 in Axes
  3023 | D:4      | Reached XP level 7. HP: 27/61 MP: 6/6
  3217 | D:4      | Noticed Edmund
  3226 | D:4      | Killed Edmund
  3226 | D:4      | Reached * piety under Okawaru
  3626 | D:5      | Entered Level 5 of the Dungeon
  3626 | D:5      | Found a radiant altar of Vehumet.
  3792 | D:5      | Reached skill level 1 in Invocations
  3796 | D:5      | Reached skill level 7 in Axes
  3796 | D:5      | Reached skill level 1 in Throwing
  3796 | D:5      | Reached XP level 8. HP: 64/70 MP: 7/7
  3823 | D:5      | Noticed a kobold demonologist
  3830 | D:5      | Noticed a red devil
  3837 | D:5      | Killed a kobold demonologist
  3837 | D:5      | Reached ** piety under Okawaru
  4183 | D:5      | Reached skill level 8 in Axes
  4509 | D:5      | Reached XP level 9. HP: 68/78 MP: 10/10
  4718 | D:6      | Found Henumirch's Overcharged Wands.
  4720 | D:6      | Noticed Menkaure
  4730 | D:6      | Killed Menkaure
  4881 | D:6      | Found Loiq's Antique Weapon Boutique.
  4921 | D:6      | Noticed Blork the orc
  4933 | D:6      | Killed Blork the orc
  4938 | D:6      | Reached *** piety under Okawaru
  5051 | D:6      | Found a glowing drain.
  5063 | Sewer    | Entered a sewer
  5151 | Sewer    | Noticed Pargi
  5177 | Sewer    | Killed Pargi
  5350 | D:6      | Reached skill level 9 in Axes
  6290 | D:7      | Paralysed by a hornet for 1 turns
  6492 | D:7      | Slain by an unseen horror

Illustrated notes

Levels and vault maps discovered:
D:1:      dpeg_arrival_rhombus, layout_loops_ring,
          shapermc_ecumenical_altar_pompeii
D:2:      layout_rooms, kennysheep_big_empty_room, nicolae_eternal_life
D:3:      layout_loops_corners
D:4:      layout_layer_cave, nicolae_tso_carved_into_rock,
          minmay_temple_entry_enclosed_plants, uniq_edmund, uniq_duvessa
D:5:      layout_basic, lemuel_crystal_altar, minmay_chambers_of_fives
D:6:      layout_loops_ring, gup_sewer_entry_bowl, serial_shops, shop_statue,
          nicolae_shop_overcharged_wands, uniq_blork_the_orc, uniq_menkaure
D:7:      layout_loops_cross
Temple:   eino_temple_rhombus

Skill      XL: |  1  2  3  4  5  6  7  8  9 |
---------------+----------------------------+-----
Axes           | 3 4 5 6 7 8 9 |  9.8
Shields        | 4 5 6 7 |  7.7
Armour         | 4 5 6 7 |  7.5
Fighting       | 4 5 6 7 |  7.5
Evocations     | 1 2 |  2.2
Invocations    | 1 2 4 |  4.1
Throwing       | 1 2 4 |  4.0

Action                   |  1- 3 |  4- 6 |  7- 9 || total
-------------------------+-------+-------+-------++-------
Melee: War axe           |    90 |    92 |   248 ||   430
       Headbutt          |    10 |    13 |    43 ||    66
Throw: Boomerang         |       |       |    25 ||    25
Invok: Heroism           |       |       |     3 ||     3
  Use: Scroll            |     2 |     7 |    10 ||    19
       Potion            |       |     1 |       ||     1
Armor: Scale mail        |    69 |     5 |       ||    74
       Chain mail        |       |    30 |   184 ||   214
       Plate armour      |       |       |    45 ||    45
Dodge: Dodged            |    50 |    26 |    92 ||   168
Block: Buckler           |    26 |    20 |    71 ||   117

Table legend: (Time is in decaauts)
 A = Elapsed time spent in this place.
 B = Non-inter-level travel time spent in this place.
 C = Inter-level travel time spent in this place.
 D = Time resting spent in this place.
 E = Time spent auto-exploring this place.
 F = Levels seen in this place.
 G = Mean time per level.
                   A        B        C        D        E       F      G
               +--------+--------+--------+--------+--------+-----+--------+
         Total |   6633 |   6469 |    164 |    532 |   4061 |   9 |  737.0 |
       Dungeon |   6213 |   6064 |    149 |    532 |   3809 |   7 |  887.6 |
        Temple |    160 |    145 |     15 |      0 |    127 |   1 |  160.0 |
         Sewer |    259 |    259 |      0 |      0 |    125 |   1 |  259.0 |
               +--------+--------+--------+--------+--------+-----+--------+

Top non-repeatable levels by time:
     D:4: 1283 daAuts
     D:5: 1060 daAuts
     D:6: 1053 daAuts
     D:3: 906 daAuts
     D:1: 679 daAuts
     D:2: 662 daAuts
     D:7: 567 daAuts
   Sewer: 259 daAuts
  Temple: 160 daAuts
